Map: New Repugnancy LE

Players

llIllllIllll - Winner!

  • Race: Protoss Protoss
  • League: Master
  • Spawn Location: 1:00

GiantAxe

  • Race: Terran Terran
  • League: Grandmaster
  • Spawn Location: 7:00

VOD

Have the link to the VOD?

Description

Time

  • Played on: Feb. 4, 2019, 5:54 p.m.
  • Length: 8:58
Show
View Real Time Build Order
Export as new Build Order

llIllllIllll Protoss - Winner!

Build Orders: Cannon Rush 

Get SALT Encoding   

  12  0:01  Probe  
  13  0:13  Probe  
  14  0:19  Pylon  
  14  0:25  Probe  
  15  0:37  Probe  
  15  0:39  Forge  
  16  0:49  Probe  
  17  0:57  Pylon  
  17  1:19  Photon Cannon  
  17  1:21  Photon Cannon  
  17  1:26  Gateway  
  17  1:39  Pylon  
  17  1:57  Photon Cannon  
  17  1:58  Photon Cannon  
  17  2:02  Photon Cannon  
  17  2:10  Pylon  
  17  2:22  Photon Cannon  
  17  2:28  Zealot  
  17  2:47  Probe  
  18  2:57  Zealot  
  18  2:59  Assimilator, Probe  
  18  3:03  Assimilator  
  18  3:05  Gateway  
  21  3:11  Probe  
  22  3:20  Photon Cannon  
  22  3:21  Cybernetics Core  
  22  3:26  Probe  
  23  3:36  Probe  
  24  3:44  Probe  
  25  4:05  Nexus  
  25  4:12  Pylon  
  25  4:25  Probe  
  25  4:28  Shield Battery  
  26  4:34  Stargate  
  26  4:47  Stargate  
  26  4:50  Probe  
  26  4:54  Assimilator  
  26  4:58  Probe  
  27  5:04  Assimilator  
  28  5:08  Probe  
  29  5:20  Probe  
  30  5:23  Void Ray  
  34  5:33  Probe  
  35  5:46  Void Ray  
  39  6:01  Pylon  
  39  6:04  Probe  
  38  6:13  Void Ray  
  42  6:29  Pylon  
  41  6:45  Void Ray  
  45  6:52  Pylon  
  42  7:11  Void Ray  
  45  7:29  Void Ray  
  45  7:39  Pylon  
Show
View Real Time Build Order
Export as new Build Order

GiantAxe Terran 

Build Orders:  

Get SALT Encoding   

  12  0:00  SCV  
  13  0:16  Supply Depot  
  13  0:17  SCV  
  14  0:29  SCV  
  14  0:32  Refinery  
  15  0:41  SCV  
  16  0:44  Barracks  
  16  0:53  SCV  
  17  1:05  SCV  
  18  1:17  SCV  
  19  1:31  SCV  
  19  1:32  Marine  
  21  1:35  Bunker  
  21  1:38  Factory  
  21  1:50  Marine  
  22  1:58  Supply Depot  
  21  2:20  Marine  
  18  2:31  Factory Tech Lab  
  18  2:35  SCV  
  16  2:47  SCV  
  16  2:50  Siege Tank  
  18  3:03  SCV  
  19  3:15  SCV  
  19  3:19  Starport  
  20  3:27  SCV  
  21  3:39  Widow Mine  
  23  3:47  Supply Depot  
  23  4:02  Liberator  
  23  4:09  SCV  
  24  4:11  Barracks  
  27  4:26  SCV  
  28  4:32  Supply Depot  
  29  4:38  SCV  
  29  4:41  Widow Mine  
  31  4:53  SCV  
  32  5:02  Refinery  
  34  5:12  SCV  
  33  5:15  Starport Tech Lab  
  33  5:24  Marine  
  33  5:25  Siege Tank  
  37  5:30  Barracks  
  37  5:41  SCV  
  38  5:43  Barracks Reactor  
  38  5:47  Engineering Bay  
  38  6:00  SCV  
  39  6:15  Supply Depot  
  39  6:25  Barracks Tech Lab  
  39  6:36  Raven, Marine x2  
  43  6:42  Supply Depot  
  43  6:44  SCV  
  44  6:54  Marine  
  44  6:57  Marine x2  
  47  7:11  Orbital Command  
  47  7:12  Marine, Widow Mine  
  47  7:15  Marine  
  50  7:17  Marine  
  43  7:30  Marine  
  43  7:34  Widow Mine  
  43  7:35  Marine  
  42  7:37  Marine  
  36  7:48  Marine  
  30  8:00  Marine  
Tags
 
Add a new tag
Caveats
  • Supply blocks, unpowered buildings, or Contaminate may cause inaccurate times.
  • Supply counts are checked every 10 seconds.